 Dungeon Crawl Stone Soup version 0.17.1-3-g152610e (webtiles) character file.

61 Gargoyl the Skirmisher (level 3, -9/29 HPs)
             Began as a Demonspawn Abyssal Knight on Mar 20, 2016.
             Was a Follower of Lugonu.
             Mangled by Crazy Yiuf
             ... wielding a +4 quarterstaff of chaos
              (13 damage)
             ... on level 2 of the Dungeon.
             The game lasted 00:02:49 (1651 turns).

Gargoyl the Skirmisher (Demonspawn Abyssal Knight)  Turns: 1651, Time: 00:02:50

Health: -9/29      AC: 10    Str: 13    XL:     3   Next: 83%
Magic:  5/5        EV:  6    Int: 13    God:    Lugonu [*.....]
Gold:   153        SH:  0    Dex: 12    Spells: 0 memorised, 2 levels left

rFire  . . .     SeeInvis .     a - +1 hand axe
rCold  . . .     Clarity  .     l - +0 chain mail
rNeg   . . .     SustAt   .     (no shield)
rPois  .         Gourm    .     v - +0 helmet
rElec  .         Spirit   .     (no cloak)
rCorr  .         Warding  .     (no gloves)
rMut   .         Stasis   .     (no boots)
MR     .....                    (no amulet)
Stlth  ..........               (no ring)
                                (no ring)

@: lethally poisoned (-9 -> -16), flying, not resistant to hostile enchantments,
extremely unstealthy
A: demonic guardian 1
a: Depart the Abyss, Renounce Religion


You were on level 2 of the Dungeon.
You worshipped Lugonu.
Lugonu was aware of your devotion.
You were not hungry.

You visited 1 branch of the dungeon, and saw 2 of its levels.
You visited the Abyss 1 time.

You collected 153 gold pieces.

Inventory:

Hand Weapons
 a - a +1 hand axe (weapon)
Armour
 l - a +0 chain mail (worn)
 v - a +0 helmet (worn)
Wands
 t - a wand of polymorph (16)
Scrolls
 b - a scroll of identify {unknown}
 i - 2 scrolls of amnesia {unknown}
 j - 2 scrolls of fear {unknown}
 m - a scroll of noise {unknown}
 p - a scroll of random uselessness {unknown}
 q - a scroll of remove curse {unknown}
Potions
 d - a potion of heal wounds {unknown}
 e - a potion of cure mutation {unknown}
 g - a potion of might {unknown}
 h - a potion of agility {unknown}
 k - a potion of flight
 o - a potion of brilliance {unknown}
 r - 2 potions of curing {unknown}
 s - a potion of mutation {unknown}
Comestibles
 c - a bread ration
 f - 2 meat rations
 n - a slice of pizza
 u - 2 chunks of flesh


   Skills:
 + Level 3.5 Fighting
 + Level 2.0 Axes
 * Level 2.6 Armour
 + Level 1.0 Dodging
 + Level 3.4 Invocations


You had 2 spell levels left.
You didn't know any spells.

Dungeon Overview and Level Annotations

Branches:
Dungeon (2/15)

Altars:

Annotations:
D:2 Crazy Yiuf


Innate Abilities, Weirdness & Mutations

A weak demonic guardian rushes to your aid.


Message History

Crazy Yiuf moves out of view.
You swap places.
Crazy Yiuf hits you with a quarterstaff of chaos.
You are poisoned.
You swap places.
You feel sick.
Crazy Yiuf hits your white imp with a quarterstaff of chaos!
Your white imp dies!
You feel sick.
Crazy Yiuf flaps his cloak.
Crazy Yiuf hits you with a quarterstaff of chaos!
You feel sick.
Drink which item? (? for menu, Esc to quit)
It was a potion of flight.
You feel very buoyant.
You fly up into the air.
Crazy Yiuf whimpers, "Papa!
Aardvark illywillydillykilly cower."
Crazy Yiuf hits you with a quarterstaff of chaos.
* * * LOW HITPOINT WARNING * * *
You are electrocuted!
You die...

......# #..#. #.#
.####.# #. #. ###.#
.# # # #. ...# .#
#####.# .# #......
.####..# #.....#
......# #.#.#.#
.###.#.# #####
♣♣##.....# ...
#).@#♣♣ ♣♣..#.#.#.#
####
#..g5.♣♣♣♣PP.......#
#...#♣..♣.P....>....
#####♣♣♣.♣.P.#...###
♣♣♣♣♣######


You could see Crazy Yiuf and a friendly white imp.

Vanquished Creatures
  3 adders (D:2)
  An ooze (D:1)
  A ball python (D:1)
  3 giant cockroaches (D:1)
  4 hobgoblins
  4 jackals
  A quokka (D:2)
  A bat (D:2)
  2 giant newts
  2 goblins
  5 kobolds (D:1)
  4 rats
31 creatures vanquished.

Notes
Turn   | Place    | Note
--------------------------------------------------------------
     0 | Abyss:1  | Gargoyl the Demonspawn Abyssal Knight began the quest for the Orb.
     0 | Abyss:1  | Reached XP level 1. HP: 18/18 MP: 2/2
    75 | Abyss:1  | Found a corrupted altar of Lugonu.
   128 | Abyss:1  | Noticed an apocalypse crab
   137 | Abyss:1  | Noticed a tentacled starspawn
   142 | D:1      | Escaped the Abyss
   720 | D:1      | Gained mutation: A weak demonic guardian rushes to your aid. [demonic ancestry]
   720 | D:1      | Reached XP level 2. HP: 24/24 MP: 4/4
   888 | D:1      | Reached * piety under Lugonu
  1080 | D:2      | Reached skill level 1 in Dodging
  1080 | D:2      | Reached XP level 3. HP: 14/29 MP: 5/5
  1644 | D:2      | Noticed Crazy Yiuf
  1651 | D:2      | Mangled by Crazy Yiuf

Action                   || total
-------------------------++-------
Melee: Hand axe          ||   127
       Unarmed           ||     3
Invok: Depart the Abyss  ||     1
  Use: Potion            ||     1
  Eat: Chunk             ||     3
